 Dungeon Crawl Stone Soup version 5.2-4-g6121e92 (webtiles) character file.

33030 patheticliltramp the Tortoise (level 15, -21/170 HPs)
             Began as a Minotaur Fighter on Nov 16, 2017.
             Was a High Priest of Trog.
             Killed from afar by an orb spider (24 damage)
             ... with an orb of electricity
             ... on level 1 of the Spider Nest on Nov 17, 2017.
             The game lasted 00:48:48 (19012 turns).

patheticliltramp the Tortoise (Minotaur Fighter)   Turns: 19012, Time: 00:48:48

Health: -21/170    AC: 26 (39%)Str: 23  XL:     15   Next: 57%
Magic:  14/14      EV:  8    Int:  5    God:    Trog [5*[130]]
Gold:   554        SH: 14    Dex: 17    Spells: 14/14 levels left

rFire    . . .     SeeInvis +   Y - +9 long sword of Animal Spirits {vamp, SInv Stlth+}
rCold    . . .     Faith    .   c - +0 shield
rNeg     . . .     Spirit   .   V - +2 plate armour {rPois}
rPois    +         Reflect  .   (helmet restricted)
rElec    .                      p - +0 cloak
rCorr    .                      l - +0 pair of gloves
MR       +....                  (no boots)
Stlth    ..........             a - amulet of Vitality {Regen+ HP+15}
Regen    0.8/turn               y - +3 ring of protection
MPRegen  0.3/turn               K - +3 ring of dexterity

@: lethally poisoned (-21 -> -23), about to teleport, very slightly
contaminated, slowed, very slow
A: retaliatory headbutt, horns 2, poison resistance, robust 1
a: Berserk, Trog's Hand, Brothers in Arms, Renounce Religion


You were on level 1 of the Spider Nest.
You worshipped Trog.
Trog was extremely pleased with you.
You were not hungry.

You visited 3 branches of the dungeon, and saw 18 of its levels.
You also visited: Sewer and Ice Cave.

You collected 2528 gold pieces.
You spent 1974 gold pieces at shops.

Inventory:

Hand Weapons
 u - the +7 hand axe of Esyc {chop, +Fly rPois Int+3}
   (You found it on level 4 of the Dungeon)

   It inflicts extra damage upon your enemies.
   It affects your intelligence (+3).
   It protects you from poison.
   It lets you fly.
 O - the +2 war axe "Bualoi" {pain, rF+ Str+5 Dex-3}
   (You found it on level 14 of the Dungeon)

   In the hands of one skilled in necromantic magic, it inflicts extra damage on
   living creatures.
   It affects your strength (+5).
   It affects your dexterity (-3).
   It protects you from fire.
 P - the +16 sword of Power
   (You found it on level 14 of the Dungeon)
 W - a +1 double sword of electrocution
 Y - the +9 long sword of Animal Spirits (weapon) {vamp, SInv Stlth+}
   (You bought it in a shop on level 1 of the Orcish Mines)

   It inflicts no extra harm, but heals its wielder somewhat when it strikes a
   living foe.
   It lets you see invisible.
   It makes you more stealthy.
Missiles
 e - 2107 stones
 i - 2079 arrows
 m - 251 bolts
 A - 69 poisoned javelins (quivered)
 E - 17 curare darts
 G - 193 poisoned darts
 N - 103 steel tomahawks
 R - 6 tomahawks of dispersal
 T - 8 tomahawks
 U - a silver tomahawk
 Z - 3 exploding tomahawks
Armour
 b - a +0 scale mail
 c - a +0 shield (worn)
 l - a +0 pair of gloves (worn)
 p - a +0 cloak (worn)
 I - +0 ice dragon scales
 V - a +2 plate armour of poison resistance (worn)
Jewellery
 a - the amulet of Vitality (around neck) {Regen+ HP+15}
   (You took it off a spriggan on level 8 of the Dungeon)

   [amulet of regeneration]

   It affects your health (+15).
   It increases your rate of regeneration.
 y - a +3 ring of protection (left hand)
 K - a +3 ring of dexterity (right hand)
Wands
 r - a wand of polymorph (18)
 t - a wand of disintegration (2)
 v - a wand of flame (26)
 H - a wand of lightning (12)
 J - a wand of paralysis (6)
 Q - a wand of iceblast (6)
Scrolls
 g - 5 scrolls of enchant armour
 h - 5 scrolls of teleportation
 j - 3 scrolls of enchant weapon
 k - 2 scrolls of fear
 o - 9 scrolls of amnesia
 x - 3 scrolls of magic mapping
 F - a scroll of fog
Potions
 d - 2 potions of augmentation
 f - 7 potions of curing
 n - 5 potions of lignification
 s - 10 potions of flight
 B - 2 potions of haste
 C - a potion of ambrosia
 D - a potion of cancellation
 L - 2 potions of berserk rage
Miscellaneous
 w - a phantom mirror
 M - a sack of spiders
 S - a box of beasts
 X - a fan of gales


   Skills:
 - Level 15.2 Fighting
 + Level 13.0 Blades
 - Level 12.4 Axes
 - Level 18.0 Armour
 - Level 15.0 Shields


You had 14 spell levels left.
You didn't know any spells.

Dungeon Overview and Level Annotations

Branches:
Dungeon (15/15)            Spider (1/3) Orc:2         Slime (0/4) Orc:2
    Orc (2/2) D:15         Vaults (0/3) D:15         Depths (0/3) D:15
  Swamp: Orc:2       Shoals: Orc:2

Altars:
Cheibriados
Dithmenos
Elyvilon
Gozag
Hepliaklqana
Jiyva
Kikubaaqudgha
Makhleb
Okawaru
Qazlal
Ru
Sif Muna
Trog
Uskayaw
Vehumet
Xom
Yredelemnul
Zin
The Shining One

Shops:
D:11 !   D:15 }   Orc:1 ((=[   Orc:2 (}([*}(


Innate Abilities, Weirdness & Mutations

You reflexively headbutt those who attack you in melee.
You have a pair of horns on your head.
Your system is resistant to poisons. (rPois)
You are robust. (+10% HP)


Message History

You hear an angry hiss. x2; You hear a hideous shriek!
As you read the scroll of teleportation, it crumbles to dust.
You feel strangely unstable.
You feel sick.
The orb spider blinks!
The jumping spider leaps!
Your skin stops crawling.
You feel less resistant to hostile enchantments.
You feel sick.
The orb spider weaves an orb of electrical energy!
The orb of electricity explodes!
The orb of electricity engulfs you!
That hurt (11)!
* * * LOW HITPOINT WARNING * * *
The orb spider weaves an orb of electrical energy!
The orb of electricity explodes!
The orb of electricity engulfs you!
That hurt (19)!
* * * LOW HITPOINT WARNING * * *
The jumping spider leaps!
The orb spider weaves an orb of electrical energy!
The orb of electricity explodes!
The orb of electricity engulfs you!
That hurt (24)!
You die...

.... .....≈
^../..# .......
......s
.......(#...###
.....s........#
.>....§...[...#
............@^#
...........§^##
............##
.##.........##
..≈..?....#..#
.....###^....##
... ##.....≈≈#
. #...s.≈≈##
##≈≈≈..≈≈#


You could see 2 orb spiders and a jumping spider.

Vanquished Creatures
  Rupert (D:14)
  Louise (D:15)
  An orc warlord (Orc:1)
  Nessos (D:15)
  2 ettins (D:14)
  12 slime creatures
  A fire dragon (D:15)
  A yaktaur captain (D:15)
  8 vault guards (D:14)
  Fannar (D:12)
  A hydra (D:11)
  Erica (D:10)
  Harold (D:12)
  5 centaur warriors
  25 two-headed ogres
  3 dancing weapons
  5 ogre magi
  A tengu warrior (D:15)
  2 orc high priests
  Sonja (D:12)
  5 orc knights
  3 ugly things (D:15)
  2 orc sorcerers (Orc:1)
  A wolf spider (Spider:1)
  2 deep elf magi
  4 manticores
  4 cyclopes
  2 ice statues (IceCv)
  An orb spider (Spider:1)
  2 black mambas (D:14)
  2 spiny frogs
  2 gargoyles
  A torpor snail (D:15)
  An efreet (D:14)
  A freezing wraith (D:15)
  2 yaktaurs (D:15)
  A rime drake (D:13)
  8 ice devils (IceCv)
  A tengu conjurer (D:15)
  A meliai (shapeshifter) (D:14)
  15 trolls
  4 jumping spiders
  10 yaks
  A black mamba zombie (D:10)
  4 redbacks (Spider:1)
  2 water elementals (D:12)
  6 shadows
  3 wraiths
  10 spriggans (D:8)
  2 wyverns
  A yak (shapeshifter) (D:14)
  2 wargs (D:14)
  Edmund (D:6)
  2 water moccasins (D:8)
  3 acid dragons
  A spiny frog zombie (D:9)
  15 ice beasts
  A phantom (D:4)
  41 orc warriors
  2 spiny frog skeletons
  A blink frog zombie (D:12)
  45 ogres
  A wasp (D:10)
  21 centaurs
  A rime drake zombie (D:10)
  2 big kobolds (D:15)
  3 bullfrogs
  2 gnoll sergeants
  2 wyvern zombies
  3 wyvern skeletons
  4 scorpions
  6 crimson imps
  12 killer bees
  5 wights (D:6)
  7 electric eels
  A howler monkey (D:4)
  5 hounds
  5 centaur zombies
  3 jellies
  16 orc priests
  Crazy Yiuf (D:3)
  A quasit (D:8)
  10 centaur skeletons
  16 orc wizards
  4 worker ants
  2 killer bee zombies
  3 iguanas
  A hound skeleton (D:4)
  5 gnolls
  5 adders
  2 shadow imps (D:6)
  7 white imps (IceCv)
  7 ufetubi (IceCv)
  An ooze (D:5)
  5 dart slugs
  76 orcs
  8 quokkas
  A ball python (Sewer)
  13 bats
  8 giant cockroaches
  5 goblins
  5 hobgoblins
  21 jackals
  10 frilled lizards
  11 kobolds
  A quokka zombie (D:5)
  7 rats
  A fungus (D:3)
628 creatures vanquished.

Vanquished Creatures (collateral kills)
  A hydra (D:15)
  An orb spider (Spider:1)
  A jumping spider (Spider:1)
3 creatures vanquished.

Vanquished Creatures (others)
  A reaper (IceCv)
  6 white imps (IceCv)
  2 ufetubi (IceCv)
9 creatures vanquished.

Grand Total: 640 creatures vanquished

Notes
Turn   | Place    | Note
-------+----------+-------------------------------------------
     0 | D:1      | patheticliltramp the Minotaur Fighter began the quest for the Orb.
     0 | D:1      | Reached XP level 1. HP: 19/19 MP: 0/0
    77 | D:1      | Reached XP level 2. HP: 21/26 MP: 1/1
   276 | D:1      | Reached XP level 3. HP: 18/31 MP: 2/2
   788 | D:2      | Found a shadowy altar of Dithmenos.
   834 | D:2      | Reached skill level 5 in Axes
  1219 | D:3      | Found a runed door.
  1223 | D:3      | Noticed Crazy Yiuf
  1230 | D:3      | Killed Crazy Yiuf
  1230 | D:3      | Reached XP level 4. HP: 16/39 MP: 3/3
  1508 | D:3      | Found a basalt altar of Yredelemnul.
  1517 | D:3      | Reached XP level 5. HP: 41/45 MP: 4/4
  1556 | D:3      | Found a glowing drain.
  1570 | Sewer    | Entered a sewer
  2270 | D:3      | Found a glowing golden altar of the Shining One.
  2367 | D:3      | Found a glowing silver altar of Zin.
  2530 | D:4      | Got the +7 hand axe of Esyc {chop, +Fly rPois Int+3}
  2694 | D:4      | Reached XP level 6. HP: 50/51 MP: 5/5
  2860 | D:4      | Reached XP level 7. HP: 27/57 MP: 6/6
  3154 | D:4      | Found a hazy altar of Hepliaklqana.
  3154 | D:4      | Found a shadowy altar of Dithmenos.
  3154 | D:4      | Found a bloodstained altar of Trog.
  3154 | D:4      | Found a white marble altar of Elyvilon.
  3154 | D:4      | Found a hide-covered altar of Uskayaw.
  3155 | D:4      | Found a snail-covered altar of Cheibriados.
  3158 | D:4      | Found an ancient bone altar of Kikubaaqudgha.
  3158 | D:4      | Found a stormy altar of Qazlal.
  3175 | D:4      | Became a worshipper of Trog the Wrathful
  3399 | D:5      | Entered Level 5 of the Dungeon
  3530 | D:5      | Reached skill level 10 in Axes
  3744 | D:5      | Reached XP level 8. HP: 57/64 MP: 7/7
  3888 | D:5      | Reached * piety under Trog
  4255 | D:6      | Noticed Edmund
  4269 | D:6      | Killed Edmund
  4269 | D:6      | Reached skill level 4 in Armour
  4398 | D:6      | Reached skill level 5 in Armour
  4418 | D:6      | Found an opulent altar of Gozag.
  4419 | D:6      | Found a deep blue altar of Sif Muna.
  4419 | D:6      | Found a viscous altar of Jiyva.
  4434 | D:6      | Reached skill level 5 in Shields
  4513 | D:6      | Found an iron altar of Okawaru.
  4620 | D:6      | Found a sacrificial altar of Ru.
  5021 | D:7      | Reached skill level 6 in Armour
  5040 | D:7      | Reached XP level 9. HP: 70/70 MP: 8/8
  5142 | D:7      | Found a burning altar of Makhleb.
  5143 | D:7      | Found a radiant altar of Vehumet.
  5234 | D:7      | Reached skill level 7 in Armour
  5596 | D:7      | Found a white marble altar of Elyvilon.
  5673 | D:7      | Found a shimmering altar of Xom.
  5691 | D:7      | Reached skill level 8 in Armour
  6221 | D:8      | Reached skill level 9 in Armour
  6253 | D:8      | Reached ** piety under Trog
  6269 | D:8      | Noticed a two-headed ogre
  6285 | D:8      | Killed a two-headed ogre
  6285 | D:8      | Reached skill level 10 in Armour
  6285 | D:8      | Reached XP level 10. HP: 77/77 MP: 9/9
  6362 | D:8      | Reached skill level 11 in Armour
  6448 | D:8      | Noticed a two-headed ogre
  6464 | D:8      | Killed a two-headed ogre
  6630 | D:8      | Reached skill level 12 in Armour
  6694 | D:8      | Reached skill level 5 in Fighting
  7087 | D:9      | Got the +4 hand axe "Urymoubrue" {flame, rF+}
  7408 | D:9      | Reached XP level 11. HP: 91/91 MP: 10/10
  7818 | D:10     | Entered Level 10 of the Dungeon
  7884 | D:10     | Noticed Erica
  7891 | D:10     | Killed Erica
  7891 | D:10     | Reached skill level 13 in Armour
  8721 | D:11     | Reached *** piety under Trog
  8739 | D:11     | Noticed a deep elf mage
  8751 | D:11     | Killed a deep elf mage
  8950 | D:11     | Noticed a seven-headed hydra
  8979 | D:11     | Killed a seven-headed hydra
  8979 | D:11     | Reached skill level 14 in Armour
  9183 | D:11     | Found Imnal's Distillery.
  9193 | D:11     | Bought a potion of curing for 36 gold pieces
  9193 | D:11     | Bought a potion of heal wounds for 60 gold pieces
  9193 | D:11     | Bought a potion of augmentation for 60 gold pieces
  9449 | D:11     | Noticed a two-headed ogre
  9464 | D:11     | Killed a two-headed ogre
  9464 | D:11     | Reached skill level 10 in Fighting
  9464 | D:11     | Reached skill level 10 in Shields
  9958 | D:12     | Noticed Fannar
  9959 | D:12     | Reached XP level 12. HP: 106/106 MP: 11/11
  9973 | D:12     | Killed Fannar
  9988 | D:12     | Found a frozen archway.
 10013 | D:12     | Noticed Harold
 10017 | IceCv    | Entered an ice cave
 10387 | IceCv    | Killed a reaper
 10387 | IceCv    | Reached skill level 15 in Armour
 11151 | D:12     | Killed Harold
 11467 | D:12     | Noticed Sonja
 11472 | D:12     | Killed Sonja
 11770 | D:12     | Reached **** piety under Trog
 12233 | D:13     | Reached skill level 16 in Armour
 12277 | D:13     | Reached XP level 13. HP: 119/119 MP: 12/12
 12671 | D:13     | Gained mutation: You are frail. (-10% HP) [potion of mutation]
 12671 | D:13     | Gained mutation: Your mind is acute. (Int +5) [potion of mutation]
 12671 | D:13     | Gained mutation: You possess an exceptional clarity of mind. [potion of mutation]
 12672 | D:13     | Lost mutation: Your mind is acute. (Int +5) [potion of mutation]
 12672 | D:13     | Lost mutation: You possess an exceptional clarity of mind. [potion of mutation]
 12672 | D:13     | Lost mutation: You are frail. (-10% HP) [potion of mutation]
 12672 | D:13     | Gained mutation: You are robust. (+10% HP) [potion of mutation]
 12672 | D:13     | Gained mutation: Your system is resistant to poisons. (rPois) [potion of mutation]
 12821 | D:14     | Found a sacrificial altar of Ru.
 12921 | D:14     | Got the +2 war axe "Bualoi" {pain, rF+ Str+5 Dex-3}
 12985 | D:14     | Noticed Rupert
 12986 | D:14     | Noticed an ettin
 13037 | D:14     | Killed an ettin
 13044 | D:14     | Reached skill level 17 in Armour
 13133 | D:14     | Noticed an ettin
 13469 | D:14     | Killed an ettin
 13512 | D:14     | Killed Rupert
 13512 | D:14     | Reached XP level 14. HP: 85/146 MP: 13/13
 13753 | D:14     | Reached skill level 15 in Fighting
 13934 | D:14     | Reached ***** piety under Trog
 14146 | D:14     | Found a sacrificial altar of Ru.
 14335 | D:15     | Entered Level 15 of the Dungeon
 14415 | D:15     | Reached skill level 1 in Blades
 14576 | D:15     | Reached skill level 18 in Armour
 15019 | D:15     | Found a gate to the Vaults.
 15157 | D:15     | Found a staircase to the Depths.
 15163 | D:15     | Reached skill level 5 in Blades
 15200 | D:15     | Noticed Nessos
 15406 | D:15     | Found Gokhaang's Gadget Emporium.
 15426 | D:15     | Bought a box of beasts for 220 gold pieces
 15457 | D:15     | Noticed Louise
 15478 | D:15     | Killed Louise
 15762 | D:15     | Found a staircase to the Orcish Mines.
 16035 | D:15     | Killed Nessos
 16243 | Orc:1    | Entered Level 1 of the Orcish Mines
 16244 | Orc:1    | Found Cezatai's Weapon Shoppe.
 16247 | Orc:1    | Found Usinurph's Jewellery Shop.
 16439 | Orc:1    | Found Benokh's Antique Armour Shoppe.
 16707 | Orc:1    | Noticed an orc warlord
 16740 | Orc:1    | Killed an orc warlord
 16871 | Orc:1    | Found Asyossoca's Antique Weapon Boutique.
 17304 | Orc:1    | Found a burning altar of Makhleb.
 17307 | Orc:1    | Received a gift from Trog
 17410 | Orc:1    | Reached XP level 15. HP: 155/155 MP: 14/14
 17880 | Orc:1    | Bought the +9 long sword of Animal Spirits {vamp, SInv Stlth+} for 1598 gold pieces
 17925 | Orc:2    | Entered Level 2 of the Orcish Mines
 17968 | Orc:2    | Found a hole to the Spider Nest.
 18030 | Orc:2    | Found Qopunarr's Weapon Emporium.
 18034 | Orc:2    | Found a staircase to the Slime Pits.
 18124 | Orc:2    | Reached skill level 15 in Shields
 18149 | Orc:2    | Reached skill level 10 in Blades
 18278 | Orc:2    | Found Nudwog's General Store.
 18278 | Orc:2    | Found Vodgh's Gadget Boutique.
 18279 | Orc:2    | Found Xaall's Weapon Shop.
 18279 | Orc:2    | Found Beossug's Antique Armour Shoppe.
 18298 | Orc:2    | Found Jarevul's Gadget Emporium.
 18461 | Orc:2    | Found Utaner's Weapon Boutique.
 18952 | Spider:1 | Entered Level 1 of the Spider Nest
 19012 | Spider:1 | HP: 3/170 [orb spider/orb of electricity (19)]
 19012 | Spider:1 | Killed from afar by an orb spider

Skill      XL: |  1  2  3  4  5  6  7  8  9 10 11 12 13 14 15 |
---------------+----------------------------------------------+-----
Axes           | 3 4 5 6 7 9 11 12 | 12.4
Armour         | 6 10 12 14 16 17 18 | 18.0
Shields        | 5 8 9 10 11 12 14 15 | 15.0
Fighting       | 6 10 12 14 15 | 15.2
Blades         | 8 13 | 13.0

Action                   |  1- 3 |  4- 6 |  7- 9 | 10-12 | 13-15 || total
-------------------------+-------+-------+-------+-------+-------++-------
Melee: War axe           |    46 |       |       |       |   285 ||   331
       Headbutt          |    16 |    13 |    38 |   147 |   328 ||   542
       Hand axe          |    45 |   132 |   221 |   606 |   220 ||  1224
       Double sword      |       |       |       |       |   227 ||   227
       Long sword        |       |       |       |       |   311 ||   311
Throw: Stone             |       |    15 |     1 |     1 |       ||    17
       Javelin           |       |       |       |    22 |    18 ||    40
Invok: Berserk           |       |       |     1 |    15 |     9 ||    25
       Trog's Hand       |       |       |       |     4 |     4 ||     8
       Brothers in Arms  |       |       |       |       |     2 ||     2
Evoke: Wand              |       |       |       |       |     1 ||     1
       Box of beasts     |       |       |       |       |     1 ||     1
  Use: Potion            |       |       |       |     3 |    11 ||    14
       Scroll            |       |       |       |     1 |     5 ||     6
 Stab: Distracted        |       |       |     1 |       |       ||     1
Armor: Scale mail        |    23 |    43 |    54 |   140 |       ||   260
       Ice dragon scales |       |       |       |    39 |   251 ||   290
       Plate armour      |       |       |       |       |   207 ||   207
Dodge: Dodged            |    16 |    32 |    61 |   130 |   269 ||   508
Block: Shield            |    41 |    55 |    90 |   220 |   658 ||  1064
